AoeStats
← Zero aspettative

Arena

510385040Analyzed
3v3 RM · 17h ago on Sep 30, 2026· 38m 3s· 6 players
Game mode
Random Map
Map size
Normal (6 player)
Population
200
Speed
Normal
Resources
Standard
Victory
Conquest
Starting age
Dark Age
Ending age
Imperial Age
RankedLock teamsTeams togetherTeam positionsShared explorationLock speedFull tech treeHidden civsTurbo modeCheats
Victory
Defeat
🇮🇹 Cumans · Italy
1254
+13
🇮🇹 Britons · Italy
1233
+14
🇮🇹 Italians · Italy
1232
+14
🇬🇧 Bohemians · United Kingdom
1261
-16
🇬🇧 Celts · United Kingdom
1180
-13
🇬🇧 Wei · United Kingdom
1146
-12
Happy Pirate
10:25 Feudal Age
9:21 Loom
11:45 Loom
14:11 Castle Age
11:57 Loom
13:09 Double-Bit Axe
13:05 Horse Collar
15:08 Bow Saw
19:41 Wheelbarrow
18:58 Man-at-Arms
20:03 Long Swordsman
21:29 Arson
21:29 Gambesons
27:38 Gold Mining
Santykins
11:08 Feudal Age
14:42 Castle Age
13:06 Double-Bit Axe
13:55 Horse Collar
15:26 Loom
16:46 Bow Saw
23:18 Sanctity
23:13 Fervor
25:54 Wheelbarrow
26:15 Heavy Plow
30:15 Imperial Age
28:02 Hand Cart
29:41 Chemistry
31:55 Squires
31:40 Arson
31:16 Man-at-Arms
36:17 Conscription
35:24 Long Swordsman
36:53 Siege Engineers
37:59 Fletching
37:36 Two-Handed Swordsman
38:23 Scale Mail Armor
Yorku
7:35 Loom
10:52 Feudal Age
15:22 Castle Age
14:34 Horse Collar
14:42 Double-Bit Axe
22:31 Bow Saw
24:25 Wheelbarrow
23:55 Heavy Plow
25:43 Scale Barding Armor
26:47 Husbandry
28:13 Forging
30:16 Iron Casting
30:14 Bloodlines
31:30 Chain Barding Armor
Zero aspettative
10:26 Feudal Age
13:14 Double-Bit Axe
13:10 Horse Collar
19:15 Castle Age
17:53 Scale Barding Armor
18:56 Gold Mining
19:44 Wheelbarrow
20:27 Bloodlines
20:31 Forging
21:04 Chain Barding Armor
26:14 Iron Casting
33:05 Hand Cart
33:37 Gold Shaft Mining
37:32 Imperial Age
39:01 Plate Barding Armor
Final_Tidus
8:39 Loom
11:57 Feudal Age
15:35 Castle Age
14:57 Double-Bit Axe
18:35 Gold Mining
30:34 Imperial Age
30:03 Bow Saw
30:41 Fletching
30:51 Padded Archer Armor
32:42 Chemistry
31:59 Bodkin Arrow
32:20 Leather Archer Armor
33:07 Bracer
38:05 Ring Archer Armor
Knightgenny_ITA
8:05 Loom
11:20 Feudal Age
12:04 Horse Collar
12:30 Double-Bit Axe
16:02 Castle Age
16:48 Fletching
26:28 Imperial Age
24:32 Bow Saw
24:30 Gold Mining
25:12 Scale Mail Armor
25:54 Forging
36:02 Chain Mail Armor
36:57 Iron Casting
36:39 Arson
Connection lost

Rejoining the realm…

Still unreachable

The connection could not be restored.

Session expired

The server has moved on; the page needs a fresh start.